[ AOE2 MATCH · #460512492 ]
Team RMPersians vs Malians
[ REPLAY ANALYSIS · EXTRACTED FROM THE RECORDED GAME ]
Feudal
9:41
Castle
20:59
Imperial
—
| APM avg | 25.7 |
| APM peak | 73 |
| eAPM avg | 21.6 |
| Villagers / military | 181 / 41 |
Focus
⚔️ 16.7% · 🌾 83.3%
Spearman ×30 · Militia ×6 · War Elephant ×5
Feudal
13:13
Castle
18:47
Imperial
34:18
| APM avg | 21.6 |
| APM peak | 72 |
| eAPM avg | 12.5 |
| Villagers / military | 122 / 76 |
Focus
⚔️ 12.0% · 🌾 88.0%
Ballista Elephant ×46 · Battle Elephant ×28 · Monk ×2
Feudal
11:49
Castle
16:40
Imperial
31:17
| APM avg | 29.4 |
| APM peak | 59 |
| eAPM avg | 12.2 |
| Villagers / military | 71 / 80 |
Focus
⚔️ 30.8% · 🌾 69.2%
Gbeto ×78 · Trebuchet (Packed) ×2
Feudal
11:48
Castle
17:20
Imperial
—
| APM avg | 20.2 |
| APM peak | 83 |
| eAPM avg | 11.0 |
| Villagers / military | 115 / 67 |
Focus
⚔️ 16.7% · 🌾 83.3%
Skirmisher ×58 · Camel Scout ×4 · Ghulam ×3 · Monk ×2
Feudal
12:08
Castle
18:58
Imperial
28:59
| APM avg | 21.2 |
| APM peak | 66 |
| eAPM avg | 15.3 |
| Villagers / military | 118 / 60 |
Focus
⚔️ 20.7% · 🌾 79.3%
Hand Cannoneer ×45 · Trade Cart ×8 · Spearman ×7 · Monk ×5 · Bombard Cannon ×3
Feudal
10:59
Castle
14:38
Imperial
28:24
| APM avg | 17.9 |
| APM peak | 68 |
| eAPM avg | 12.7 |
| Villagers / military | 120 / 32 |
Focus
⚔️ 17.1% · 🌾 82.9%
Mangonel ×14 · Hussite Wagon ×11 · Bombard Cannon ×4 · Trebuchet (Packed) ×3
Feudal
13:30
Castle
19:57
Imperial
33:02
| APM avg | 23.2 |
| APM peak | 71 |
| eAPM avg | 15.0 |
| Villagers / military | 157 / 86 |
Focus
⚔️ 24.4% · 🌾 75.6%
Chu Ko Nu ×75 · Trebuchet (Packed) ×6 · Battering Ram ×5
Feudal
—
Castle
—
Imperial
—
| APM avg | 28.5 |
| APM peak | 83 |
| eAPM avg | 22.3 |
| Villagers / military | 188 / 121 |
Focus
⚔️ 21.2% · 🌾 78.8%
Knight ×73 · Camel Scout ×48
Match map
Resources at game start + every placement click. Thick line = wall · dashed box = detected house wall. 🟡 gold · ⚪ stone · 🟢 berries · 🔶 boar · ⭕ relic
Inputs per minute
— Darob - - fedeginard
Build order — Darob
First 150 of 365 actions detected
| 0:03 | Create | Villager (Male) |
| 0:03 | Create | Villager (Male) |
| 0:04 | Create | Villager (Male) |
| 0:04 | Create | Villager (Male) |
| 0:07 | Build | House |
| 0:08 | Build | House |
| 0:09 | Build | House |
| 0:17 | Research | Loom |
| 0:51 | Build | House |
| 0:54 | Create | Villager (Male) |
| 0:54 | Create | Villager (Male) |
| 0:55 | Create | Villager (Male) |
| 1:26 | Create | Villager (Male) |
| 1:27 | Create | Villager (Male) |
| 1:40 | Create | Villager (Male) |
| 1:40 | Create | Villager (Male) |
| 2:13 | Build | House |
| 2:28 | Build | Lumber Camp |
| 2:48 | Create | Villager (Male) |
| 3:13 | Create | Villager (Male) |
| 3:15 | Create | Villager (Male) |
| 3:15 | Create | Villager (Male) |
| 3:46 | Create | Villager (Male) |
| 3:46 | Create | Villager (Male) |
| 3:47 | Create | Villager (Male) |
| 3:56 | Create | Villager (Male) |
| 3:57 | Create | Villager (Male) |
| 3:57 | Create | Villager (Male) |
| 4:36 | Create | Villager (Male) |
| 4:37 | Create | Villager (Male) |
| 4:37 | Create | Villager (Male) |
| 5:12 | Create | Villager (Male) |
| 5:22 | Create | Villager (Male) |
| 6:26 | Create | Villager (Male) |
| 6:51 | Build | Mill |
| 6:55 | Create | Villager (Male) |
| 7:37 | Research | Feudal Age |
| 7:37 | Research | Feudal Age |
| 9:41 | Age | Feudal Age |
| 9:45 | Build | Market |
| 9:49 | Create | Villager (Male) |
| 9:49 | Create | Villager (Male) |
| 9:50 | Research | Horse Collar |
| 9:52 | Research | Double-Bit Axe |
| 10:18 | Build | Blacksmith |
| 10:21 | Create | Villager (Male) |
| 10:23 | Create | Villager (Male) |
| 11:20 | Research | Scale Barding Armor |
| 11:29 | Build | House |
| 11:30 | Build | House |
| 11:33 | Create | Villager (Male) |
| 11:33 | Create | Villager (Male) |
| 11:33 | Create | Villager (Male) |
| 11:33 | Create | Villager (Male) |
| 11:34 | Create | Villager (Male) |
| 11:39 | Research | Wheelbarrow |
| 12:07 | Create | Villager (Male) |
| 12:07 | Create | Villager (Male) |
| 12:10 | Build | Farm |
| 12:14 | Build | Farm |
| 12:16 | Build | Farm |
| 12:19 | Build | Farm |
| 12:23 | Build | Farm |
| 12:25 | Build | Farm |
| 12:31 | Build | Farm |
| 12:34 | Build | Farm |
| 12:57 | Build | Farm |
| 12:59 | Build | Farm |
| 13:09 | Build | Farm |
| 13:15 | Create | Villager (Male) |
| 13:16 | Create | Villager (Male) |
| 13:25 | Build | Farm |
| 13:36 | Build | Farm |
| 13:39 | Build | House |
| 13:41 | Create | Villager (Male) |
| 13:42 | Create | Villager (Male) |
| 14:16 | Build | Farm |
| 14:20 | Create | Villager (Male) |
| 14:20 | Create | Villager (Male) |
| 14:21 | Create | Villager (Male) |
| 14:49 | Build | Farm |
| 14:52 | Build | Farm |
| 14:56 | Build | Farm |
| 14:59 | Create | Villager (Male) |
| 15:37 | Build | Barracks |
| 15:41 | Create | Villager (Male) |
| 15:52 | Build | Farm |
| 15:56 | Build | Farm |
| 16:05 | Build | Farm |
| 16:30 | Build | Mining Camp |
| 16:32 | Create | Villager (Male) |
| 16:45 | Research | Man-at-Arms (upgrade) |
| 16:52 | Create | Villager (Male) |
| 16:52 | Create | Villager (Male) |
| 17:37 | Research | Gold Mining |
| 18:00 | Create | Villager (Male) |
| 18:01 | Create | Villager (Male) |
| 18:31 | Research | Castle Age |
| 18:39 | Create | Militia |
| 18:40 | Create | Militia |
| 18:40 | Create | Militia |
| 18:49 | Create | Militia |
| 18:59 | Create | Militia |
| 19:02 | Research | Forging |
| 19:04 | Create | Militia |
| 20:11 | Research | Fletching |
| 20:21 | Create | Villager (Male) |
| 20:59 | Age | Castle Age |
| 21:04 | Build | Town Center |
| 21:13 | Build | Town Center |
| 21:23 | Research | Gambesons |
| 21:25 | Research | Squires |
| 21:42 | Research | Town Watch |
| 21:47 | Research | Heavy Plow |
| 21:55 | Research | Stone Mining |
| 22:20 | Create | Villager (Male) |
| 22:20 | Create | Villager (Male) |
| 22:21 | Create | Villager (Male) |
| 22:21 | Create | Villager (Male) |
| 22:44 | Create | Villager (Male) |
| 22:44 | Create | Villager (Male) |
| 23:45 | Build | Town Center |
| 23:50 | Create | Villager (Male) |
| 23:50 | Create | Villager (Male) |
| 23:56 | Create | Villager (Male) |
| 23:56 | Create | Villager (Male) |
| 23:56 | Create | Villager (Male) |
| 23:57 | Create | Villager (Male) |
| 23:57 | Create | Villager (Male) |
| 23:57 | Create | Villager (Male) |
| 24:31 | Create | Villager (Male) |
| 24:31 | Create | Villager (Male) |
| 24:31 | Create | Villager (Male) |
| 24:32 | Create | Villager (Male) |
| 24:52 | Create | Villager (Male) |
| 25:12 | Build | House |
| 25:13 | Build | House |
| 25:36 | Create | Villager (Male) |
| 25:36 | Create | Villager (Male) |
| 25:36 | Create | Villager (Male) |
| 25:36 | Create | Villager (Male) |
| 25:36 | Create | Villager (Male) |
| 25:36 | Create | Villager (Male) |
| 25:36 | Create | Villager (Male) |
| 25:39 | Create | Villager (Male) |
| 26:12 | Build | Town Center |
| 26:24 | Create | Villager (Male) |
| 26:41 | Create | Villager (Male) |
| 26:51 | Build | Town Center |
| 27:03 | Create | Villager (Male) |
Build order — fedeginard
First 150 of 195 actions detected
| 0:12 | Build | House |
| 0:18 | Build | House |
| 0:22 | Create | Villager (Male) ×4 |
| 0:22 | Create | Villager (Male) ×4 |
| 2:14 | Build | Lumber Camp |
| 2:17 | Create | Villager (Male) ×2 |
| 2:18 | Create | Villager (Male) ×2 |
| 2:45 | Create | Villager (Male) |
| 2:46 | Create | Villager (Male) |
| 3:18 | Create | Villager (Male) |
| 3:18 | Create | Villager (Male) |
| 4:18 | Create | Villager (Male) |
| 4:18 | Create | Villager (Male) |
| 4:38 | Create | Villager (Male) |
| 4:38 | Create | Villager (Male) |
| 4:50 | Build | Mill |
| 4:56 | Build | House |
| 5:04 | Create | Villager (Male) ×2 |
| 5:04 | Create | Villager (Male) ×2 |
| 5:25 | Create | Villager (Male) |
| 5:25 | Create | Villager (Male) |
| 5:50 | Create | Villager (Male) |
| 5:50 | Create | Villager (Male) |
| 6:03 | Build | Farm |
| 6:23 | Create | Villager (Male) |
| 6:23 | Create | Villager (Male) |
| 6:29 | Build | Farm |
| 6:42 | Create | Villager (Male) |
| 6:42 | Create | Villager (Male) |
| 6:42 | Create | Villager (Male) |
| 6:53 | Build | Farm |
| 6:59 | Create | Villager (Male) ×2 |
| 6:59 | Create | Villager (Male) ×2 |
| 7:18 | Build | Farm |
| 7:52 | Build | House |
| 8:01 | Create | Villager (Male) ×3 |
| 8:01 | Create | Villager (Male) ×3 |
| 8:13 | Build | House |
| 8:43 | Build | Farm |
| 8:58 | Create | Villager (Male) ×2 |
| 10:08 | Research | Feudal Age |
| 10:19 | Build | Farm |
| 10:49 | Build | Farm |
| 11:09 | Build | Farm |
| 11:56 | Build | Mill |
| 12:51 | Build | House |
| 12:52 | Build | House |
| 12:55 | Build | House |
| 13:13 | Age | Feudal Age |
| 13:16 | Research | Double-Bit Axe |
| 13:18 | Research | Horse Collar |
| 13:23 | Create | Villager (Male) |
| 13:23 | Create | Villager (Male) |
| 14:00 | Build | Mining Camp |
| 14:05 | Create | Villager (Male) |
| 14:06 | Create | Villager (Male) |
| 15:09 | Create | Villager (Male) |
| 15:09 | Create | Villager (Male) |
| 15:45 | Build | Farm |
| 15:56 | Build | Market |
| 16:07 | Research | Castle Age |
| 16:25 | Research | Gold Mining |
| 16:51 | Build | Farm |
| 17:31 | Create | Villager (Male) |
| 17:31 | Create | Villager (Male) |
| 18:38 | Build | Mining Camp |
| 18:40 | Research | Stone Mining |
| 18:47 | Age | Castle Age |
| 18:54 | Research | Heavy Plow |
| 19:06 | Create | Villager (Male) ×5 |
| 19:59 | Build | Mining Camp |
| 20:58 | Build | Town Center |
| 21:22 | Build | Farm |
| 21:28 | Build | Farm |
| 21:29 | Build | Farm |
| 21:49 | Research | Bow Saw |
| 21:56 | Research | Loom |
| 21:57 | Create | Villager (Male) ×5 |
| 22:15 | Research | Stone Shaft Mining |
| 22:22 | Create | Villager (Male) ×5 |
| 22:22 | Create | Villager (Male) ×5 |
| 23:13 | Build | Castle |
| 23:20 | Create | Villager (Male) ×5 |
| 23:31 | Build | Town Center |
| 23:47 | Research | Gold Shaft Mining |
| 24:17 | Build | Blacksmith |
| 24:45 | Create | Villager (Male) ×5 |
| 24:50 | Build | Farm |
| 24:52 | Build | Farm |
| 25:14 | Create | Ballista Elephant |
| 25:16 | Create | Ballista Elephant ×4 |
| 25:16 | Create | Ballista Elephant ×4 |
| 25:16 | Create | Ballista Elephant ×4 |
| 25:20 | Research | Fletching |
| 25:34 | Build | Farm |
| 25:47 | Build | Town Center |
| 25:50 | Research | Wheelbarrow |
| 25:55 | Create | Villager (Male) ×3 |
| 25:58 | Create | Villager (Male) |
| 25:58 | Create | Villager (Male) |
| 26:06 | Build | Farm |
| 26:15 | Build | Farm |
| 26:36 | Build | Farm |
| 26:57 | Build | Monastery |
| 27:10 | Build | Farm |
| 27:29 | Create | Monk |
| 27:48 | Build | Farm |
| 28:26 | Create | Villager (Male) ×5 |
| 28:32 | Create | Villager (Male) ×5 |
| 28:37 | Research | Hand Cart |
| 28:50 | Create | Monk |
| 29:20 | Build | Farm |
| 29:29 | Build | Farm |
| 29:49 | Build | House |
| 29:50 | Build | House |
| 30:51 | Build | Farm |
| 30:59 | Build | Farm |
| 31:01 | Build | Farm |
| 31:03 | Build | Farm |
| 31:04 | Build | Farm |
| 31:08 | Research | Imperial Age |
| 31:24 | Build | Farm |
| 31:29 | Build | Mining Camp |
| 31:32 | Create | Ballista Elephant ×3 |
| 31:33 | Create | Ballista Elephant ×3 |
| 31:33 | Create | Ballista Elephant ×3 |
| 31:40 | Build | Farm |
| 31:46 | Build | Farm |
| 32:05 | Create | Villager (Male) ×5 |
| 32:06 | Create | Villager (Male) ×3 |
| 32:30 | Build | University |
| 32:45 | Research | Bodkin Arrow |
| 32:45 | Research | Padded Archer Armor |
| 32:47 | Research | Scale Barding Armor |
| 32:56 | Build | House |
| 32:57 | Build | House |
| 32:57 | Build | House |
| 32:58 | Build | House |
| 32:58 | Build | House |
| 32:58 | Build | House |
| 32:58 | Build | House |
| 32:59 | Build | House |
| 32:59 | Build | House |
| 32:59 | Build | House |
| 32:59 | Build | House |
| 33:00 | Build | House |
| 33:07 | Build | Farm |
| 33:42 | Research | Forging |
| 33:48 | Research | Tusk Swords |
| 33:56 | Build | Farm |
Build order — triantadeli
First 150 of 210 actions detected
| 0:06 | Create | Villager (Male) |
| 0:06 | Create | Villager (Male) |
| 0:06 | Create | Villager (Male) |
| 0:06 | Create | Villager (Male) |
| 0:07 | Create | Villager (Male) |
| 0:09 | Build | House |
| 0:13 | Build | House |
| 1:37 | Create | Villager (Male) |
| 1:37 | Create | Villager (Male) |
| 2:10 | Create | Villager (Male) |
| 2:10 | Create | Villager (Male) |
| 2:10 | Create | Villager (Male) |
| 2:52 | Create | Villager (Male) |
| 2:52 | Create | Villager (Male) |
| 3:11 | Create | Villager (Male) |
| 3:11 | Create | Villager (Male) |
| 3:28 | Create | Villager (Male) |
| 3:28 | Create | Villager (Male) |
| 3:28 | Create | Villager (Male) |
| 3:53 | Create | Villager (Male) |
| 3:54 | Create | Villager (Male) |
| 4:00 | Build | House |
| 4:02 | Build | House |
| 4:07 | Create | Villager (Male) |
| 4:07 | Create | Villager (Male) |
| 4:29 | Create | Villager (Male) |
| 4:30 | Create | Villager (Male) |
| 4:30 | Create | Villager (Male) |
| 4:53 | Build | Lumber Camp |
| 4:59 | Create | Villager (Male) |
| 5:00 | Create | Villager (Male) |
| 5:00 | Create | Villager (Male) |
| 6:54 | Create | Villager (Male) |
| 6:54 | Create | Villager (Male) |
| 6:54 | Create | Villager (Male) |
| 7:00 | Create | Villager (Male) |
| 7:01 | Create | Villager (Male) |
| 7:23 | Build | Mill |
| 8:01 | Build | Mining Camp |
| 8:22 | Create | Villager (Male) |
| 8:32 | Build | Farm |
| 8:34 | Build | Farm |
| 8:56 | Build | Farm |
| 9:00 | Build | House |
| 9:26 | Build | Farm |
| 9:32 | Research | Feudal Age |
| 9:42 | Build | Farm |
| 10:45 | Create | Villager (Male) |
| 10:46 | Create | Villager (Male) |
| 10:46 | Create | Villager (Male) |
| 10:57 | Build | Farm |
| 11:49 | Age | Feudal Age |
| 12:00 | Build | Market |
| 12:30 | Build | Mining Camp |
| 12:40 | Create | Villager (Male) |
| 13:04 | Build | Blacksmith |
| 13:21 | Build | House |
| 13:35 | Research | Loom |
| 13:57 | Research | Castle Age |
| 14:10 | Build | Farm |
| 14:17 | Build | Farm |
| 14:21 | Research | Double-Bit Axe |
| 14:31 | Research | Stone Mining |
| 15:51 | Build | House |
| 16:34 | Create | Villager (Male) |
| 16:34 | Create | Villager (Male) |
| 16:35 | Create | Villager (Male) |
| 16:40 | Age | Castle Age |
| 16:49 | Build | Town Center |
| 17:08 | Build | Barracks |
| 17:16 | Build | House |
| 17:31 | Create | Villager (Male) |
| 17:31 | Create | Villager (Male) |
| 18:08 | Create | Villager (Male) |
| 18:08 | Create | Villager (Male) |
| 18:08 | Create | Villager (Male) |
| 18:09 | Create | Villager (Male) |
| 18:45 | Create | Villager (Male) |
| 18:45 | Create | Villager (Male) |
| 18:46 | Create | Villager (Male) |
| 18:46 | Create | Villager (Male) |
| 19:01 | Create | Villager (Male) |
| 19:01 | Create | Villager (Male) |
| 19:01 | Create | Villager (Male) |
| 19:28 | Build | Castle |
| 19:40 | Build | House |
| 20:16 | Build | House |
| 20:23 | Research | Forging |
| 20:25 | Research | Scale Mail Armor |
| 20:27 | Create | Villager (Male) |
| 20:27 | Create | Villager (Male) |
| 20:27 | Create | Villager (Male) |
| 20:28 | Create | Villager (Male) |
| 20:50 | Build | Mill |
| 20:54 | Create | Gbeto |
| 20:54 | Create | Gbeto |
| 20:54 | Create | Gbeto |
| 21:02 | Build | House |
| 21:04 | Build | House |
| 21:10 | Build | Farm |
| 21:15 | Build | Farm |
| 21:16 | Build | Farm |
| 21:17 | Create | Villager (Male) |
| 21:18 | Create | Villager (Male) |
| 21:18 | Create | Villager (Male) |
| 21:42 | Build | Farm |
| 21:47 | Create | Villager (Male) |
| 21:48 | Create | Villager (Male) |
| 21:52 | Build | Farm |
| 22:09 | Create | Gbeto |
| 22:10 | Create | Gbeto |
| 22:10 | Create | Gbeto |
| 22:19 | Build | Farm |
| 22:30 | Build | House |
| 22:32 | Build | House |
| 22:38 | Research | Iron Casting |
| 22:52 | Research | Squires |
| 23:04 | Build | Farm |
| 23:06 | Build | Farm |
| 23:11 | Create | Gbeto |
| 23:11 | Create | Gbeto |
| 23:12 | Create | Gbeto |
| 24:10 | Create | Gbeto |
| 24:10 | Create | Gbeto |
| 24:11 | Create | Gbeto |
| 24:11 | Create | Gbeto |
| 24:11 | Create | Gbeto |
| 25:26 | Create | Gbeto |
| 25:26 | Create | Gbeto |
| 25:27 | Create | Gbeto |
| 26:14 | Create | Gbeto |
| 26:14 | Create | Gbeto |
| 26:15 | Create | Gbeto |
| 26:23 | Build | Mining Camp |
| 26:25 | Create | Villager (Male) |
| 26:26 | Create | Villager (Male) |
| 26:26 | Create | Villager (Male) |
| 26:26 | Create | Villager (Male) |
| 26:26 | Create | Villager (Male) |
| 28:07 | Research | Imperial Age |
| 28:22 | Create | Gbeto |
| 28:22 | Create | Gbeto |
| 28:23 | Create | Gbeto |
| 28:59 | Build | Castle |
| 29:48 | Create | Gbeto |
| 29:49 | Create | Gbeto |
| 29:49 | Create | Gbeto |
| 29:49 | Create | Gbeto |
| 30:36 | Build | Mining Camp |
| 30:43 | Research | Chain Mail Armor |
Build order — rockstar_vb
First 150 of 238 actions detected
| 0:02 | Create | Villager (Male) |
| 0:02 | Create | Villager (Male) |
| 0:02 | Create | Villager (Male) |
| 0:03 | Create | Villager (Male) |
| 0:03 | Create | Villager (Male) |
| 0:04 | Build | House |
| 0:06 | Build | House |
| 1:18 | Create | Villager (Male) |
| 1:18 | Create | Villager (Male) |
| 1:18 | Create | Villager (Male) |
| 1:35 | Create | Villager (Male) |
| 1:35 | Create | Villager (Male) |
| 2:03 | Create | Villager (Male) |
| 2:03 | Create | Villager (Male) |
| 2:21 | Create | Villager (Male) |
| 2:21 | Create | Villager (Male) |
| 2:25 | Build | Lumber Camp |
| 2:46 | Create | Villager (Male) |
| 2:47 | Create | Villager (Male) |
| 3:04 | Create | Villager (Male) |
| 3:27 | Create | Villager (Male) |
| 3:27 | Create | Villager (Male) |
| 3:51 | Create | Villager (Male) |
| 3:52 | Build | House |
| 4:46 | Build | Mill |
| 5:02 | Create | Villager (Male) |
| 5:02 | Create | Villager (Male) |
| 5:02 | Create | Villager (Male) |
| 5:02 | Create | Villager (Male) |
| 5:02 | Create | Villager (Male) |
| 5:03 | Create | Villager (Male) |
| 5:44 | Create | Villager (Male) |
| 5:45 | Create | Villager (Male) |
| 5:45 | Create | Villager (Male) |
| 5:58 | Build | Mining Camp |
| 6:00 | Create | Villager (Male) |
| 6:21 | Build | House |
| 6:26 | Create | Villager (Male) |
| 6:26 | Create | Villager (Male) |
| 6:27 | Create | Villager (Male) |
| 6:47 | Create | Villager (Male) |
| 8:25 | Build | House |
| 8:51 | Create | Villager (Male) |
| 9:00 | Build | Mining Camp |
| 9:12 | Research | Feudal Age |
| 10:47 | Build | Farm |
| 10:47 | Build | Farm |
| 10:48 | Build | Farm |
| 10:48 | Build | Farm |
| 10:48 | Build | Farm |
| 10:48 | Build | Farm |
| 10:48 | Build | Farm |
| 11:30 | Build | Farm |
| 11:48 | Age | Feudal Age |
| 11:53 | Create | Villager (Male) |
| 11:54 | Research | Double-Bit Axe |
| 12:02 | Build | Blacksmith |
| 12:13 | Create | Villager (Male) |
| 12:24 | Build | Mill |
| 12:39 | Create | Villager (Male) |
| 12:46 | Build | House |
| 13:12 | Build | Market |
| 13:14 | Create | Villager (Male) |
| 13:50 | Create | Villager (Male) |
| 14:09 | Create | Villager (Male) |
| 14:19 | Build | Barracks |
| 14:38 | Research | Castle Age |
| 15:30 | Build | Stable |
| 15:59 | Research | Stone Mining |
| 16:09 | Research | Horse Collar |
| 16:38 | Build | Farm |
| 16:40 | Build | Farm |
| 16:54 | Build | House |
| 17:16 | Create | Villager (Male) |
| 17:17 | Create | Villager (Male) |
| 17:20 | Age | Castle Age |
| 17:22 | Research | Bow Saw |
| 17:27 | Build | Town Center |
| 17:47 | Build | Monastery |
| 17:50 | Create | Villager (Male) |
| 18:07 | Create | Camel Scout |
| 18:07 | Create | Camel Scout |
| 18:23 | Create | Villager (Male) |
| 18:34 | Create | Monk |
| 18:34 | Create | Monk |
| 18:36 | Build | House |
| 19:09 | Create | Villager (Male) |
| 19:09 | Create | Villager (Male) |
| 19:11 | Build | House |
| 19:24 | Build | Town Center |
| 19:29 | Create | Villager (Male) |
| 19:29 | Create | Villager (Male) |
| 19:29 | Create | Villager (Male) |
| 19:29 | Create | Villager (Male) |
| 19:32 | Create | Villager (Male) |
| 19:57 | Research | Gold Mining |
| 20:00 | Research | Stone Shaft Mining |
| 20:10 | Build | Farm |
| 20:15 | Build | Farm |
| 20:23 | Build | Farm |
| 21:09 | Build | University |
| 21:21 | Build | Castle |
| 21:28 | Create | Villager (Male) |
| 21:28 | Create | Villager (Male) |
| 21:28 | Create | Villager (Male) |
| 21:31 | Create | Villager (Male) |
| 21:31 | Create | Villager (Male) |
| 22:07 | Create | Villager (Male) |
| 22:07 | Create | Villager (Male) |
| 22:17 | Create | Villager (Male) |
| 22:17 | Create | Villager (Male) |
| 22:17 | Create | Villager (Male) |
| 22:38 | Build | Farm |
| 22:40 | Build | Farm |
| 22:44 | Build | Farm |
| 22:49 | Build | Farm |
| 22:59 | Build | Farm |
| 23:01 | Build | Farm |
| 23:06 | Build | Farm |
| 23:06 | Build | Farm |
| 23:07 | Build | Farm |
| 23:07 | Build | Farm |
| 23:07 | Build | Farm |
| 23:08 | Build | Farm |
| 23:08 | Build | Farm |
| 23:10 | Build | Farm |
| 23:22 | Build | Mill |
| 23:34 | Create | Camel Scout |
| 23:35 | Create | Camel Scout |
| 23:53 | Build | House |
| 24:39 | Build | Archery Range |
| 25:03 | Create | Ghulam |
| 25:03 | Create | Ghulam |
| 25:03 | Create | Ghulam |
| 25:14 | Build | Archery Range |
| 25:27 | Create | Villager (Male) |
| 25:27 | Create | Villager (Male) |
| 25:28 | Create | Villager (Male) |
| 25:28 | Create | Villager (Male) |
| 25:54 | Create | Villager (Male) |
| 25:54 | Create | Villager (Male) |
| 25:54 | Create | Villager (Male) |
| 25:54 | Create | Villager (Male) |
| 25:55 | Create | Villager (Male) |
| 25:55 | Create | Villager (Male) |
| 25:55 | Create | Villager (Male) |
| 25:55 | Create | Villager (Male) |
| 25:55 | Create | Villager (Male) |
| 25:55 | Create | Villager (Male) |
| 26:56 | Build | Archery Range |
Build order — majeed_alnashi
First 150 of 341 actions detected
| 0:03 | Create | Villager (Male) |
| 0:03 | Create | Villager (Male) |
| 0:03 | Create | Villager (Male) |
| 0:04 | Create | Villager (Male) |
| 0:08 | Build | House |
| 0:15 | Build | House |
| 0:31 | Build | House |
| 0:33 | Build | House |
| 0:55 | Build | Lumber Camp |
| 1:46 | Research | Loom |
| 2:05 | Create | Villager (Male) |
| 2:05 | Create | Villager (Male) |
| 2:05 | Create | Villager (Male) |
| 2:35 | Create | Villager (Male) |
| 2:36 | Create | Villager (Male) |
| 2:36 | Create | Villager (Male) |
| 2:47 | Create | Villager (Male) |
| 2:47 | Create | Villager (Male) |
| 3:12 | Create | Villager (Male) |
| 3:12 | Create | Villager (Male) |
| 3:43 | Create | Villager (Male) |
| 3:44 | Create | Villager (Male) |
| 4:01 | Create | Villager (Male) |
| 4:01 | Create | Villager (Male) |
| 4:01 | Create | Villager (Male) |
| 4:34 | Create | Villager (Male) |
| 4:34 | Create | Villager (Male) |
| 4:35 | Create | Villager (Male) |
| 4:36 | Create | Villager (Male) |
| 4:36 | Create | Villager (Male) |
| 5:15 | Build | Mill |
| 5:19 | Create | Villager (Male) |
| 5:19 | Create | Villager (Male) |
| 5:20 | Create | Villager (Male) |
| 5:20 | Create | Villager (Male) |
| 5:38 | Create | Villager (Male) |
| 5:39 | Create | Villager (Male) |
| 5:39 | Create | Villager (Male) |
| 6:13 | Create | Villager (Male) |
| 6:13 | Create | Villager (Male) |
| 6:14 | Create | Villager (Male) |
| 6:31 | Create | Villager (Male) |
| 6:31 | Create | Villager (Male) |
| 7:13 | Create | Villager (Male) |
| 7:13 | Create | Villager (Male) |
| 7:36 | Create | Villager (Male) |
| 7:36 | Create | Villager (Male) |
| 7:40 | Create | Villager (Male) |
| 7:41 | Create | Villager (Male) |
| 8:37 | Build | Mill |
| 8:46 | Build | Farm |
| 8:48 | Build | Farm |
| 8:50 | Build | Farm |
| 8:52 | Build | Farm |
| 8:53 | Build | Farm |
| 8:55 | Build | Farm |
| 8:56 | Build | Farm |
| 8:59 | Build | Farm |
| 9:02 | Build | Farm |
| 9:58 | Research | Feudal Age |
| 9:58 | Research | Feudal Age |
| 9:58 | Research | Feudal Age |
| 10:18 | Build | Farm |
| 10:45 | Build | House |
| 10:50 | Build | House |
| 10:54 | Build | House |
| 11:03 | Build | House |
| 11:06 | Build | Mining Camp |
| 11:11 | Create | Villager (Male) |
| 11:12 | Create | Villager (Male) |
| 11:12 | Create | Villager (Male) |
| 11:17 | Research | Double-Bit Axe |
| 11:20 | Research | Horse Collar |
| 11:54 | Create | Villager (Male) |
| 11:54 | Create | Villager (Male) |
| 11:54 | Create | Villager (Male) |
| 12:08 | Age | Feudal Age |
| 12:17 | Build | Barracks |
| 12:30 | Create | Villager (Male) |
| 12:31 | Create | Villager (Male) |
| 12:31 | Create | Villager (Male) |
| 12:49 | Build | Market |
| 13:30 | Build | Blacksmith |
| 13:58 | Build | House |
| 14:01 | Create | Spearman |
| 14:02 | Create | Spearman |
| 14:09 | Build | House |
| 14:10 | Build | House |
| 14:15 | Build | House |
| 14:50 | Build | Farm |
| 14:51 | Build | Farm |
| 14:52 | Build | Farm |
| 15:36 | Build | Stable |
| 15:43 | Build | House |
| 15:45 | Build | House |
| 15:50 | Create | Villager (Male) |
| 15:59 | Research | Castle Age |
| 16:00 | Research | Castle Age |
| 16:08 | Research | Gold Mining |
| 16:47 | Build | House |
| 16:48 | Build | House |
| 16:49 | Build | House |
| 17:25 | Research | Heavy Plow |
| 17:28 | Research | Bow Saw |
| 17:28 | Research | Bow Saw |
| 17:37 | Research | Gold Shaft Mining |
| 17:40 | Create | Villager (Male) |
| 17:40 | Create | Villager (Male) |
| 17:40 | Create | Villager (Male) |
| 17:40 | Create | Villager (Male) |
| 17:41 | Create | Villager (Male) |
| 17:41 | Create | Villager (Male) |
| 18:50 | Create | Villager (Male) |
| 18:51 | Create | Villager (Male) |
| 18:51 | Create | Villager (Male) |
| 18:58 | Age | Castle Age |
| 19:09 | Build | Monastery |
| 19:28 | Build | Siege Workshop |
| 19:51 | Build | Town Center |
| 19:59 | Create | Monk |
| 19:59 | Create | Monk |
| 20:00 | Create | Monk |
| 20:19 | Build | Farm |
| 20:21 | Build | Farm |
| 20:22 | Build | Farm |
| 20:24 | Build | Farm |
| 20:25 | Build | Farm |
| 21:09 | Build | Farm |
| 21:14 | Build | Farm |
| 21:20 | Build | Farm |
| 21:34 | Build | Archery Range |
| 21:41 | Build | Farm |
| 21:49 | Build | Farm |
| 21:50 | Build | Farm |
| 22:08 | Create | Monk |
| 22:17 | Create | Villager (Male) |
| 22:17 | Create | Villager (Male) |
| 22:17 | Create | Villager (Male) |
| 22:17 | Create | Villager (Male) |
| 22:17 | Create | Villager (Male) |
| 22:18 | Create | Villager (Male) |
| 22:18 | Create | Villager (Male) |
| 22:19 | Create | Villager (Male) |
| 22:19 | Research | Wheelbarrow |
| 22:21 | Build | Farm |
| 22:25 | Build | Farm |
| 23:42 | Create | Villager (Male) |
| 23:43 | Create | Villager (Male) |
| 23:43 | Create | Villager (Male) |
| 23:43 | Create | Villager (Male) |
Build order — Chewbacca08
First 150 of 262 actions detected
| 0:01 | Create | Villager (Male) |
| 0:02 | Create | Villager (Male) |
| 0:03 | Build | House |
| 0:05 | Build | House |
| 0:05 | Create | Villager (Male) |
| 0:05 | Create | Villager (Male) |
| 0:05 | Create | Villager (Male) |
| 1:28 | Create | Villager (Male) |
| 1:29 | Create | Villager (Male) |
| 1:48 | Build | Lumber Camp |
| 2:08 | Create | Villager (Male) |
| 2:09 | Create | Villager (Male) |
| 2:13 | Create | Villager (Male) |
| 2:14 | Create | Villager (Male) |
| 2:48 | Create | Villager (Male) |
| 2:48 | Create | Villager (Male) |
| 3:20 | Create | Villager (Male) |
| 3:20 | Create | Villager (Male) |
| 3:31 | Build | House |
| 3:49 | Create | Villager (Male) |
| 3:49 | Create | Villager (Male) |
| 3:50 | Create | Villager (Male) |
| 3:50 | Create | Villager (Male) |
| 4:48 | Build | Mill |
| 5:00 | Create | Villager (Male) |
| 5:00 | Create | Villager (Male) |
| 5:01 | Create | Villager (Male) |
| 5:05 | Create | Villager (Male) |
| 5:06 | Create | Villager (Male) |
| 5:18 | Create | Villager (Male) |
| 5:18 | Create | Villager (Male) |
| 5:43 | Build | House |
| 6:22 | Create | Villager (Male) |
| 7:13 | Build | Mining Camp |
| 7:21 | Create | Villager (Male) |
| 7:48 | Create | Villager (Male) |
| 8:24 | Create | Villager (Male) |
| 8:26 | Research | Feudal Age |
| 8:47 | Create | Villager (Male) |
| 8:48 | Create | Villager (Male) |
| 9:06 | Build | House |
| 9:15 | Build | Farm |
| 10:00 | Build | Farm |
| 10:25 | Build | Farm |
| 10:59 | Age | Feudal Age |
| 11:06 | Build | Market |
| 11:11 | Build | Blacksmith |
| 11:58 | Research | Castle Age |
| 11:59 | Research | Castle Age |
| 12:41 | Build | Mining Camp |
| 12:58 | Build | House |
| 13:42 | Build | House |
| 13:44 | Research | Double-Bit Axe |
| 13:49 | Research | Horse Collar |
| 14:13 | Build | House |
| 14:15 | Build | House |
| 14:38 | Age | Castle Age |
| 14:43 | Build | Town Center |
| 14:47 | Build | Town Center |
| 14:49 | Create | Villager (Male) |
| 14:53 | Research | Bow Saw |
| 15:08 | Research | Heavy Plow |
| 15:24 | Build | House |
| 15:29 | Build | Farm |
| 15:46 | Build | Farm |
| 15:57 | Build | House |
| 16:03 | Create | Villager (Male) |
| 16:03 | Create | Villager (Male) |
| 16:07 | Build | Farm |
| 16:31 | Build | Farm |
| 16:33 | Create | Villager (Male) |
| 16:33 | Create | Villager (Male) |
| 16:36 | Build | House |
| 16:48 | Build | Farm |
| 17:01 | Build | Farm |
| 17:02 | Create | Villager (Male) |
| 17:02 | Create | Villager (Male) |
| 17:10 | Build | Farm |
| 17:17 | Build | House |
| 17:22 | Create | Villager (Male) |
| 17:22 | Create | Villager (Male) |
| 17:27 | Build | Farm |
| 17:32 | Build | Farm |
| 17:41 | Create | Villager (Male) |
| 17:42 | Create | Villager (Male) |
| 17:42 | Create | Villager (Male) |
| 17:51 | Build | Farm |
| 17:52 | Create | Villager (Male) |
| 17:52 | Create | Villager (Male) |
| 18:01 | Build | Farm |
| 18:07 | Build | House |
| 18:09 | Create | Villager (Male) |
| 18:10 | Create | Villager (Male) |
| 18:18 | Create | Villager (Male) |
| 18:21 | Build | Farm |
| 18:24 | Build | Farm |
| 18:31 | Create | Villager (Male) |
| 18:31 | Create | Villager (Male) |
| 18:43 | Build | Farm |
| 18:44 | Create | Villager (Male) |
| 18:44 | Create | Villager (Male) |
| 18:47 | Build | House |
| 18:50 | Create | Villager (Male) |
| 18:50 | Create | Villager (Male) |
| 18:57 | Build | Farm |
| 19:04 | Create | Villager (Male) |
| 19:04 | Create | Villager (Male) |
| 19:06 | Build | Farm |
| 19:08 | Create | Villager (Male) |
| 19:20 | Create | Villager (Male) |
| 19:20 | Create | Villager (Male) |
| 19:22 | Build | Farm |
| 19:31 | Build | Outpost |
| 19:33 | Create | Villager (Male) |
| 19:33 | Create | Villager (Male) |
| 19:36 | Create | Villager (Male) |
| 19:36 | Create | Villager (Male) |
| 19:42 | Create | Villager (Male) |
| 19:43 | Create | Villager (Male) |
| 19:50 | Build | Farm |
| 19:51 | Create | Villager (Male) |
| 19:54 | Build | Farm |
| 19:58 | Build | Farm |
| 20:02 | Create | Villager (Male) |
| 20:03 | Create | Villager (Male) |
| 20:13 | Create | Villager (Male) |
| 20:14 | Create | Villager (Male) |
| 20:17 | Build | Lumber Camp |
| 20:24 | Build | Farm |
| 20:34 | Build | Farm |
| 20:35 | Create | Villager (Male) |
| 20:35 | Create | Villager (Male) |
| 20:36 | Create | Villager (Male) |
| 20:47 | Build | Lumber Camp |
| 20:57 | Build | Farm |
| 20:58 | Build | Farm |
| 21:05 | Build | Farm |
| 21:07 | Create | Villager (Male) |
| 21:07 | Create | Villager (Male) |
| 21:08 | Create | Villager (Male) |
| 21:15 | Create | Villager (Male) |
| 21:15 | Create | Villager (Male) |
| 21:23 | Build | Outpost |
| 21:29 | Build | Farm |
| 21:30 | Create | Villager (Male) |
| 21:31 | Create | Villager (Male) |
| 21:45 | Build | Farm |
| 21:47 | Create | Villager (Male) |
| 21:49 | Create | Villager (Male) |
| 21:51 | Create | Villager (Male) |
Build order — Opress
First 150 of 383 actions detected
| 0:07 | Build | House |
| 0:20 | Build | House |
| 0:22 | Build | House |
| 0:23 | Build | House |
| 1:03 | Create | Villager (Male) |
| 1:04 | Create | Villager (Male) |
| 1:40 | Create | Villager (Male) |
| 1:40 | Create | Villager (Male) |
| 2:09 | Create | Villager (Male) |
| 2:09 | Create | Villager (Male) |
| 2:39 | Create | Villager (Male) |
| 2:40 | Create | Villager (Male) |
| 2:45 | Build | House |
| 2:48 | Build | House |
| 3:04 | Create | Villager (Male) |
| 3:04 | Create | Villager (Male) |
| 3:09 | Create | Villager (Male) |
| 3:24 | Create | Villager (Male) |
| 3:25 | Create | Villager (Male) |
| 3:53 | Create | Villager (Male) |
| 3:53 | Create | Villager (Male) |
| 4:22 | Create | Villager (Male) |
| 4:22 | Create | Villager (Male) |
| 4:58 | Create | Villager (Male) |
| 4:58 | Create | Villager (Male) |
| 4:59 | Create | Villager (Male) |
| 6:08 | Build | Lumber Camp |
| 6:10 | Create | Villager (Male) |
| 6:11 | Create | Villager (Male) |
| 6:11 | Create | Villager (Male) |
| 6:12 | Create | Villager (Male) |
| 6:12 | Create | Villager (Male) |
| 6:49 | Create | Villager (Male) |
| 6:49 | Create | Villager (Male) |
| 7:07 | Build | Mill |
| 8:19 | Create | Villager (Male) |
| 8:19 | Create | Villager (Male) |
| 8:19 | Create | Villager (Male) |
| 9:35 | Create | Villager (Male) |
| 9:36 | Create | Villager (Male) |
| 10:27 | Build | Mining Camp |
| 10:42 | Create | Villager (Male) |
| 11:20 | Research | Feudal Age |
| 11:20 | Research | Feudal Age |
| 11:56 | Build | Farm |
| 11:57 | Build | Farm |
| 11:59 | Build | Farm |
| 12:01 | Build | Farm |
| 12:02 | Build | Farm |
| 12:04 | Build | Farm |
| 12:06 | Build | Farm |
| 12:07 | Build | Farm |
| 12:11 | Build | Farm |
| 12:12 | Build | Farm |
| 12:13 | Build | Farm |
| 12:14 | Build | Farm |
| 12:17 | Create | Villager (Male) |
| 12:18 | Create | Villager (Male) |
| 12:22 | Build | Farm |
| 12:23 | Build | Farm |
| 13:03 | Build | Farm |
| 13:30 | Age | Feudal Age |
| 13:39 | Research | Double-Bit Axe |
| 13:40 | Research | Horse Collar |
| 13:56 | Create | Villager (Male) |
| 13:56 | Create | Villager (Male) |
| 14:03 | Build | Market |
| 14:04 | Build | Blacksmith |
| 14:09 | Create | Villager (Male) |
| 14:09 | Create | Villager (Male) |
| 15:13 | Build | Mining Camp |
| 15:43 | Build | Farm |
| 15:59 | Create | Villager (Male) |
| 16:05 | Build | Farm |
| 16:20 | Create | Villager (Male) |
| 16:29 | Build | Farm |
| 16:49 | Create | Villager (Male) |
| 16:53 | Build | Farm |
| 17:17 | Research | Castle Age |
| 17:17 | Research | Castle Age |
| 17:40 | Create | Villager (Male) |
| 17:40 | Create | Villager (Male) |
| 19:01 | Research | Stone Mining |
| 19:03 | Research | Gold Mining |
| 19:57 | Age | Castle Age |
| 20:01 | Build | Town Center |
| 20:09 | Build | Town Center |
| 20:14 | Build | Town Center |
| 20:27 | Build | Town Center |
| 20:32 | Create | Villager (Male) |
| 20:33 | Create | Villager (Male) |
| 20:33 | Create | Villager (Male) |
| 20:37 | Research | Heavy Plow |
| 20:38 | Research | Bow Saw |
| 20:50 | Build | Farm |
| 21:12 | Create | Villager (Male) |
| 21:12 | Create | Villager (Male) |
| 21:12 | Create | Villager (Male) |
| 21:20 | Build | Farm |
| 21:24 | Create | Villager (Male) |
| 21:24 | Create | Villager (Male) |
| 21:29 | Research | Wheelbarrow |
| 21:39 | Build | Farm |
| 21:42 | Create | Villager (Male) |
| 21:42 | Create | Villager (Male) |
| 21:45 | Build | Farm |
| 21:52 | Create | Villager (Male) |
| 21:52 | Create | Villager (Male) |
| 21:53 | Create | Villager (Male) |
| 21:53 | Create | Villager (Male) |
| 21:54 | Create | Villager (Male) |
| 21:54 | Create | Villager (Male) |
| 21:55 | Create | Villager (Male) |
| 22:07 | Create | Villager (Male) |
| 22:07 | Create | Villager (Male) |
| 22:12 | Build | Farm |
| 22:35 | Build | Farm |
| 22:44 | Create | Villager (Male) |
| 22:45 | Create | Villager (Male) |
| 23:03 | Build | Farm |
| 23:12 | Create | Villager (Male) |
| 23:12 | Create | Villager (Male) |
| 23:14 | Create | Villager (Male) |
| 23:15 | Create | Villager (Male) |
| 23:26 | Build | Farm |
| 23:28 | Create | Villager (Male) |
| 23:28 | Create | Villager (Male) |
| 23:34 | Research | Gold Shaft Mining |
| 23:35 | Research | Stone Shaft Mining |
| 23:52 | Build | Farm |
| 23:54 | Create | Villager (Male) |
| 23:54 | Create | Villager (Male) |
| 23:55 | Create | Villager (Male) |
| 24:08 | Create | Villager (Male) |
| 24:08 | Create | Villager (Male) |
| 24:08 | Create | Villager (Male) |
| 24:15 | Build | Farm |
| 24:17 | Create | Villager (Male) |
| 24:17 | Create | Villager (Male) |
| 24:17 | Create | Villager (Male) |
| 24:17 | Create | Villager (Male) |
| 24:28 | Create | Villager (Male) |
| 24:28 | Create | Villager (Male) |
| 24:28 | Create | Villager (Male) |
| 24:43 | Build | Farm |
| 24:49 | Create | Villager (Male) |
| 24:49 | Create | Villager (Male) |
| 24:49 | Create | Villager (Male) |
| 24:50 | Create | Villager (Male) |
| 24:50 | Create | Villager (Male) |
Build order — Francescosti
First 150 of 459 actions detected
| 0:01 | Create | Villager (Male) |
| 0:01 | Create | Villager (Male) |
| 0:01 | Create | Villager (Male) |
| 0:02 | Create | Villager (Male) |
| 0:02 | Create | Villager (Male) |
| 0:04 | Build | House |
| 1:30 | Create | Villager (Male) |
| 1:30 | Create | Villager (Male) |
| 2:01 | Create | Villager (Male) |
| 2:01 | Create | Villager (Male) |
| 2:02 | Create | Villager (Male) |
| 2:09 | Build | House |
| 2:32 | Create | Villager (Male) |
| 2:33 | Create | Villager (Male) |
| 2:45 | Build | House |
| 2:47 | Build | House |
| 2:48 | Build | House |
| 3:18 | Create | Villager (Male) |
| 3:18 | Create | Villager (Male) |
| 3:18 | Create | Villager (Male) |
| 4:01 | Create | Villager (Male) |
| 4:01 | Create | Villager (Male) |
| 4:01 | Create | Villager (Male) |
| 4:02 | Create | Villager (Male) |
| 4:43 | Build | Lumber Camp |
| 5:05 | Create | Villager (Male) |
| 5:06 | Create | Villager (Male) |
| 5:06 | Create | Villager (Male) |
| 5:06 | Create | Villager (Male) |
| 5:34 | Create | Villager (Male) |
| 6:54 | Build | Mill |
| 7:02 | Create | Villager (Male) |
| 7:02 | Create | Villager (Male) |
| 7:24 | Build | Mill |
| 7:55 | Create | Villager (Male) |
| 7:56 | Create | Villager (Male) |
| 7:56 | Create | Villager (Male) |
| 8:57 | Create | Villager (Male) |
| 9:13 | Research | Feudal Age |
| 9:20 | Build | Farm |
| 9:21 | Build | Farm |
| 9:23 | Build | Farm |
| 9:50 | Build | Mining Camp |
| 9:53 | Build | Farm |
| 9:55 | Build | Farm |
| 10:26 | Build | House |
| 10:28 | Build | House |
| 11:31 | Build | Farm |
| 11:34 | Build | Farm |
| 11:37 | Create | Villager (Male) |
| 11:38 | Create | Villager (Male) |
| 11:59 | Build | Blacksmith |
| 12:12 | Create | Villager (Male) |
| 12:31 | Create | Villager (Male) |
| 12:31 | Create | Villager (Male) |
| 12:53 | Build | Market |
| 13:28 | Create | Villager (Male) |
| 13:29 | Research | Double-Bit Axe |
| 14:03 | Build | House |
| 14:08 | Create | Villager (Male) |
| 14:13 | Research | Castle Age |
| 14:26 | Build | Lumber Camp |
| 14:29 | Research | Double-Bit Axe |
| 14:31 | Research | Horse Collar |
| 14:37 | Build | House |
| 15:42 | Build | Barracks |
| 15:43 | Build | House |
| 15:44 | Build | House |
| 15:52 | Research | Gold Mining |
| 15:52 | Research | Stone Mining |
| 16:05 | Create | Villager (Male) |
| 16:48 | Create | Villager (Male) |
| 17:01 | Create | Villager (Male) |
| 17:07 | Build | Town Center |
| 17:16 | Build | Town Center |
| 17:40 | Build | Town Center |
| 17:43 | Create | Villager (Male) |
| 17:51 | Create | Villager (Male) |
| 17:51 | Create | Villager (Male) |
| 17:51 | Create | Villager (Male) |
| 17:51 | Create | Villager (Male) |
| 18:30 | Build | Farm |
| 18:33 | Create | Villager (Male) |
| 18:34 | Create | Villager (Male) |
| 18:34 | Create | Villager (Male) |
| 18:34 | Create | Villager (Male) |
| 18:37 | Build | Farm |
| 18:39 | Build | Farm |
| 18:46 | Create | Villager (Male) |
| 18:46 | Create | Villager (Male) |
| 18:46 | Create | Villager (Male) |
| 18:55 | Create | Villager (Male) |
| 18:55 | Create | Villager (Male) |
| 19:01 | Build | Farm |
| 19:07 | Build | Farm |
| 19:17 | Create | Villager (Male) |
| 19:17 | Create | Villager (Male) |
| 19:17 | Create | Villager (Male) |
| 19:18 | Create | Villager (Male) |
| 19:18 | Create | Villager (Male) |
| 19:19 | Create | Villager (Male) |
| 19:33 | Build | Farm |
| 19:33 | Build | Farm |
| 19:33 | Build | Farm |
| 19:37 | Create | Villager (Male) |
| 19:38 | Create | Villager (Male) |
| 19:47 | Build | Farm |
| 19:50 | Create | Villager (Male) |
| 19:50 | Create | Villager (Male) |
| 19:50 | Create | Villager (Male) |
| 20:06 | Build | Farm |
| 20:09 | Build | Farm |
| 20:12 | Create | Villager (Male) |
| 20:12 | Create | Villager (Male) |
| 20:12 | Create | Villager (Male) |
| 20:19 | Build | Farm |
| 20:20 | Build | Farm |
| 20:23 | Create | Villager (Male) |
| 20:23 | Create | Villager (Male) |
| 20:31 | Build | Farm |
| 20:34 | Create | Villager (Male) |
| 20:34 | Create | Villager (Male) |
| 20:38 | Build | Farm |
| 20:44 | Create | Villager (Male) |
| 20:44 | Create | Villager (Male) |
| 20:44 | Create | Villager (Male) |
| 20:51 | Build | Farm |
| 21:02 | Create | Villager (Male) |
| 21:02 | Create | Villager (Male) |
| 21:03 | Create | Villager (Male) |
| 21:04 | Create | Villager (Male) |
| 21:04 | Create | Villager (Male) |
| 21:12 | Build | Farm |
| 21:12 | Build | Farm |
| 21:14 | Build | Farm |
| 21:17 | Create | Villager (Male) |
| 21:17 | Create | Villager (Male) |
| 21:21 | Create | Villager (Male) |
| 21:21 | Create | Villager (Male) |
| 21:21 | Create | Villager (Male) |
| 21:29 | Create | Villager (Male) |
| 21:29 | Create | Villager (Male) |
| 21:35 | Build | Farm |
| 21:36 | Build | Farm |
| 21:38 | Build | Farm |
| 21:41 | Build | Farm |
| 21:43 | Create | Villager (Male) |
| 21:44 | Create | Villager (Male) |
| 21:49 | Build | Farm |
| 21:50 | Create | Villager (Male) |
Match timeline
| 9:41 | Darob · age_up feudal |
| 10:59 | Chewbacca08 · age_up feudal |
| 11:48 | rockstar_vb · age_up feudal |
| 11:49 | triantadeli · age_up feudal |
| 12:08 | majeed_alnashi · age_up feudal |
| 12:17 | majeed_alnashi · first_building Barracks |
| 13:13 | fedeginard · age_up feudal |
| 13:30 | Opress · age_up feudal |
| 14:11 | Francescosti · first_market_sell 100 wood |
| 14:19 | rockstar_vb · first_building Barracks |
| 14:38 | Chewbacca08 · age_up castle |
| 15:30 | rockstar_vb · first_building Stable |
| 15:36 | majeed_alnashi · first_building Stable |
| 15:37 | Darob · first_building Barracks |
| 15:42 | Francescosti · first_building Barracks |
| 16:40 | triantadeli · age_up castle |
| 17:08 | triantadeli · first_building Barracks |
| 17:20 | rockstar_vb · age_up castle |
| 17:37 | Francescosti · first_market_buy 100 stone |
| 17:47 | rockstar_vb · first_building Monastery |
| 18:47 | fedeginard · age_up castle |
| 18:58 | majeed_alnashi · age_up castle |
| 19:09 | majeed_alnashi · first_building Monastery |
| 19:28 | triantadeli · first_building Castle |
| 19:28 | majeed_alnashi · first_building Siege Workshop |
| 19:57 | Opress · age_up castle |
| 20:59 | Darob · age_up castle |
| 21:21 | rockstar_vb · first_building Castle |
| 21:34 | majeed_alnashi · first_building Archery Range |
| 22:55 | Chewbacca08 · first_building Barracks |
| 23:10 | Francescosti · first_building Stable |
| 23:13 | fedeginard · first_building Castle |
| 24:38 | Chewbacca08 · first_building Monastery |
| 24:39 | rockstar_vb · first_building Archery Range |
| 25:58 | Chewbacca08 · first_building Siege Workshop |
| 26:02 | Francescosti · first_building Castle |
| 26:21 | Chewbacca08 · first_building Castle |
| 26:48 | Opress · first_building Castle |
| 26:57 | fedeginard · first_building Monastery |
| 28:09 | Darob · first_building Castle |
| 28:24 | Chewbacca08 · age_up imperial |
| 28:59 | majeed_alnashi · age_up imperial |
| 29:20 | Chewbacca08 · first_market_sell 100 wood |
| 29:31 | Darob · first_building Archery Range |
| 30:33 | fedeginard · first_market_sell 100 food |
| 31:17 | triantadeli · age_up imperial |
| 32:17 | Darob · first_building Monastery |
| 33:02 | Opress · age_up imperial |
| 34:09 | Opress · first_building Barracks |
| 34:18 | fedeginard · age_up imperial |
| 34:40 | fedeginard · first_building Stable |
| 36:08 | Opress · first_building Siege Workshop |
| 38:57 | Opress · tribute_sent a jugador 1 |
| 38:57 | Opress · tribute_sent a jugador 2 |
| 38:57 | Opress · tribute_sent a jugador 3 |
| 38:57 | Opress · tribute_sent a jugador 4 |
| 38:57 | Opress · tribute_sent a jugador 5 |
| 38:57 | Opress · tribute_sent a jugador 6 |
| 38:57 | Opress · tribute_sent a jugador 8 |
| 39:41 | fedeginard · first_building Siege Workshop |
| 39:45 | Darob · resign |
[ AI ANALYSIS · 1 CREDIT ]
What really happened in this match?
Wolo.gg analyzes every decision: build order, eco, micro, common mistakes by bracket. Personalized analysis on WhatsApp or Discord in 30 seconds.
Civ guide
Persians
Map guide
Arena
Perfil
Darob